 Dungeon Crawl Stone Soup version 0.28.0-47-ge53b351184 (webtiles) character file.

Game seed: 3894148792068033232

1071 bobregger the Fighter (level 8, -8/91 HPs)
             Began as an Ogre Berserker on May 1, 2022.
             Was a Believer of Trog.
             Mangled by KittyFluff's ghost (10 damage)
             ... on level 5 of the Dungeon.
             The game lasted 00:06:35 (5963 turns).

bobregger the Fighter (Ogre Berserker)              Turns: 5963, Time: 00:06:36

Health: -8/91      AC:  7    Str: 22    XL:     8   Next: 28%
Magic:  8/8        EV: 11    Int:  8    God:    Trog [**....]
Gold:   273        SH:  0    Dex:  8    Spells: 7/7 levels left

rFire   . . .      SeeInvis .   o - +1 flail (protect)
rCold   . . .      Faith    .   (no shield)
rNeg    . . .      Spirit   .   b - +0 animal skin
rPois   .          Reflect  .   (helmet restricted)
rElec   .          Harm     .   (no cloak)
rCorr   .          Rampage  .   (gloves unavailable)
Will    .....                   (boots unavailable)
Stlth   +.........              (no amulet)
HPRegen 0.25/turn               g - +4 ring of protection
MPRegen 0.11/turn               (no ring)

@: no status effects
A: large, unfitting armour, tough skin 1, clumsy 1, devolution 1
a: Renounce Religion, Berserk, Trog's Hand


You were on level 5 of the Dungeon.
You worshipped Trog.
Trog was pleased with you.
You visited 1 branch of the dungeon, and saw 5 of its levels.

You collected 273 gold pieces.

Inventory:

Hand Weapons
 o - a +1 flail of protection (weapon)
Armour
 b - a +0 animal skin (worn)
Jewellery
 a - a ring of see invisible
 g - a +4 ring of protection (left hand)
 k - a ring of magical power
Wands
 e - a wand of charming (10)
 h - a wand of polymorph (10)
 m - a wand of acid (14)
Scrolls
 c - a scroll of immolation
 d - a scroll of fog {unknown}
 f - 3 scrolls of identify {unknown}
 i - a scroll of noise {unknown}
 l - a scroll of teleportation {unknown}
 q - a scroll of vulnerability {unknown}
Potions
 p - a potion of mutation


   Skills:
 * Level 8.8 Fighting
 + Level 4.6 Maces & Flails
 * Level 6.1 Dodging


You had 7 spell levels left.
You didn't know any spells.
Your spell library was empty.

Dungeon Overview and Level Annotations

Branches:
Dungeon (5/15)             Temple (0/1) D:4

Altars:
Dithmenos
Gozag

Shops:
D:2 [

Annotations:
D:5 KittyFluff's ghost, novice GrBe


Innate Abilities, Weirdness & Mutations

You are too large for most types of armour.
You have tough skin. (AC +1)
You are clumsy. (Dex -2)
You have hidden genetic defects.


Message History

There are no items here.
You open the door. KittyFluff's ghost hits you.
KittyFluff's ghost whispers, "There is no future for you."
KittyFluff's ghost barely misses you. KittyFluff's ghost hits you!
KittyFluff's ghost barely misses you. KittyFluff's ghost hits you.
KittyFluff's ghost hits you but does no damage.
KittyFluff's ghost misses you. KittyFluff's ghost barely misses you.
KittyFluff's ghost hits you! KittyFluff's ghost barely misses you.
KittyFluff's ghost hits you but does no damage.
KittyFluff's ghost hits you.
KittyFluff's ghost completely misses you.
KittyFluff's ghost hits you! KittyFluff's ghost stares at you.
KittyFluff's ghost hits you! KittyFluff's ghost hits you.
KittyFluff's ghost hits you.
KittyFluff's ghost hits you but does no damage.
KittyFluff's ghost closely misses you.
KittyFluff's ghost hits you but does no damage.
KittyFluff's ghost barely misses you.
KittyFluff's ghost completely misses you.
KittyFluff's ghost hits you!
KittyFluff's ghost completely misses you.
KittyFluff's ghost hits you. KittyFluff's ghost hits you!
* * * LOW HITPOINT WARNING * * *
KittyFluff's ghost hits you.
* * * LOW HITPOINT WARNING * * *
KittyFluff's ghost hits you!
* * * LOW HITPOINT WARNING * * *
KittyFluff's ghost hits you but does no damage.
KittyFluff's ghost hits you.
* * * LOW HITPOINT WARNING * * *
KittyFluff's ghost hits you!
You die...

.# .....
#.#........# .#
.....
#.#..#####.# .#
......#.#..######
##
......#.#.>......
........#.#######
#......#
##.#.##.# #...##
# #.@.# ##W##
#§O§# #§§§#


You could see a two-headed ogre and KittyFluff's ghost.

Vanquished Creatures
  Grinder (D:3)
  Eustachio (D:4)
  Edmund (D:3)
  A sky beast (D:5)
  A black bear (D:3)
  A howler monkey (D:5)
  A hound (D:5)
  A jelly (D:4)
  A gnoll shaman (D:5)
  3 iguanas
  A hound skeleton (D:5)
  8 gnolls
  4 adders
  An adder zombie (D:5)
  An adder skeleton (D:4)
  3 worms
  3 dart slugs
  6 orcs (D:3)
  3 ball pythons
  2 endoplasms
  7 giant cockroaches
  9 goblins
  10 hobgoblins
  5 jackals
  3 quokkas
  3 bats
  5 frilled lizards
  5 kobolds
  5 rats
96 creatures vanquished.

Notes
Turn   | Place    | Note
-------+----------+-------------------------------------------
     0 | D:1      | bobregger the Ogre Berserker began the quest for the Orb.
     0 | D:1      | Reached XP level 1. HP: 24/24 MP: 1/1
   190 | D:1      | Reached XP level 2. HP: 7/33 MP: 2/2
   447 | D:1      | Found a faded altar of an unknown god.
   755 | D:1      | Reached XP level 3. HP: 40/40 MP: 3/3
  1369 | D:2      | Found an opulent altar of Gozag.
  1484 | D:2      | Reached skill level 5 in Fighting
  1570 | D:2      | Reached ** piety under Trog
  1571 | D:2      | Found Lyre's Armour Shop.
  1696 | D:2      | Reached XP level 4. HP: 43/50 MP: 4/4
  2559 | D:3      | Noticed Grinder
  2576 | D:3      | Killed Grinder
  2577 | D:3      | Reached skill level 6 in Fighting
  2577 | D:3      | Reached XP level 5. HP: 38/61 MP: 5/5
  2577 | D:3      | Reached XP level 6. HP: 43/68 MP: 6/6
  3283 | D:3      | Found a shadowy altar of Dithmenos.
  3283 | D:3      | Found an opulent altar of Gozag.
  4256 | D:4      | Noticed a black bear
  4268 | D:3      | Killed a black bear
  4335 | D:4      | Reached skill level 7 in Fighting
  4402 | D:4      | Noticed Eustachio
  4409 | D:4      | Killed Eustachio
  4410 | D:4      | Reached skill level 5 in Dodging
  4410 | D:4      | Reached XP level 7. HP: 78/78 MP: 7/7
  4574 | D:4      | Noticed Edmund
  4602 | D:3      | Killed Edmund
  4889 | D:4      | Reached skill level 8 in Fighting
  4962 | D:4      | Found a staircase to the Ecumenical Temple.
  5283 | D:5      | Entered Level 5 of the Dungeon
  5347 | D:5      | Reached XP level 8. HP: 89/89 MP: 8/8
  5572 | D:5      | Gained mutation: You have hidden genetic defects. [potion
                  | of mutation]
  5572 | D:5      | Gained mutation: You are clumsy. (Dex -2) [potion of
                  | mutation]
  5921 | D:5      | Noticed KittyFluff's ghost (novice GrBe)
  5921 | D:5      | Noticed a two-headed ogre
  5922 | D:5      | Found a runed translucent door.
  5962 | D:5      | HP: 2/91 [KittyFluff's ghost (5)]
  5963 | D:5      | Mangled by KittyFluff's ghost

Illustrated notes

Levels and vault maps discovered:
D:1:      psy_arrival_basics, layout_loops_ring,
          hellmonk_ecumenical_altar_inner_sanctum, kennysheep_another_room
D:2:      layout_loops_corners, serial_shops, nicolae_shop_crystal, basic_altar
D:3:      layout_basic, gammafunk_temple_overflow_elements,
          serial_co_window_serial, co_window_of_opportunity_a,
          co_window_cross_1, co_window_of_opportunity_a, co_window_corner_a,
          co_window_paths_a, co_window_paths_b, co_window_corner_a,
          co_window_corner_b, co_window_2corner, co_window_unsneaky_path_e,
          co_window_sun, co_window_4corner_b, glass_columns_b, glass_columns_c,
          glass_columns_b, glass_columns_b, glass_columns_b,
          corexii_hall_statues_l, uniq_grinder
D:4:      layout_rooms, minmay_temple_entry_antechambers, uniq_edmund,
          uniq_eustachio
D:5:      layout_basic, ebering_ghost_inner_flame, minmay_holes,
          chequers_serial_rivers_micro_d

Skill      XL: |  1  2  3  4  5  6  7  8 |
---------------+-------------------------+-----
Dodging        | 3 4 5 6 |  6.1
Maces & Flails | 3 4 |  4.6
Fighting       | 5 6 7 8 |  8.8

Action                   |  1- 3 |  4- 6 |  7- 9 || total
-------------------------+-------+-------+-------++-------
Melee: Mace              |    74 |   139 |    29 ||   242
       Punch             |       |     3 |     4 ||     7
       Flail             |       |       |    86 ||    86
Invok: Berserk           |     1 |     3 |     3 ||     7
       Trog's Hand       |       |     1 |       ||     1
Evoke: Wand              |       |     2 |       ||     2
  Use: Potion            |       |     1 |     6 ||     7
Armor: Animal skin       |    22 |    65 |   109 ||   196
Dodge: Dodged            |    40 |    87 |   155 ||   282
